 Dungeon Crawl Stone Soup version 0.30-a0-462-gd5975efbca (webtiles) character file.

Game seed: 9440025873667144264

329 holysushi the Poker (level 6, -2/56 HPs)
             Began as a Hill Orc Monk on Dec 16, 2022.
             Slain by a gnoll
             ... wielding a +0 flail
              (6 damage)
             ... on level 4 of the Dungeon.
             The game lasted 00:05:29 (3432 turns).

holysushi the Poker (Hill Orc Monk)                 Turns: 3432, Time: 00:05:29

Health: -2/56      AC:  6    Str: 19    XL:     6   Next: 50%
Magic:  0/2        EV: 10    Int: 10    God:
Gold:   111        SH:  0    Dex: 13    Spells: 5/5 levels left

rFire   . . .      SeeInvis .    d - +10 whip "Lumeozig" {antimagic, *Rage rElec Str+3}
rCold   . . .      Faith    .    (no shield)
rNeg    . . .      Spirit   .    q - +0 scale mail
rPois   .          Reflect  .    (no helmet)
rElec   +          Harm     .    (no cloak)
rCorr   .          Rampage  .    (no gloves)
Will    .....      Rage     20%  (no boots)
Stlth   ..........               (no amulet)
HPRegen 0.29/turn                k - ring of flight
MPRegen 0.08/turn                (no ring)

@: on berserk cooldown, flying, slowed, very slow
A: no striking features
a: no special abilities


You were on level 4 of the Dungeon.
You visited 1 branch of the dungeon, and saw 4 of its levels.

You collected 225 gold pieces.
You spent 114 gold pieces at shops.

Inventory:

Hand Weapons
 a - a +0 spear
 d - the +10 whip "Lumeozig" (weapon) {antimagic, *Rage rElec Str+3}
   (You found it on level 3 of the Dungeon)

   It reduces the magical energy of the wielder, and disrupts the spells and
   magical abilities of those it strikes.
   Natural abilities and divine invocations are not affected.
   Str:       It affects your strength (+3).
   rElec:     It insulates you from electricity.
   *Rage:     It berserks you when you make melee attacks (+20% chance).
Armour
 b - a +0 robe
 j - a +0 plate armour
 p - a +0 chain mail
 q - a +0 scale mail (worn)
Jewellery
 k - a ring of flight (left hand)
 l - a +4 ring of protection
 o - an amulet of the acrobat
Scrolls
 g - a scroll of teleportation {unknown}
 s - a scroll of identify
Potions
 c - a potion of ambrosia
 e - a potion of flight
 f - a potion of curing
 h - 2 potions of attraction
 i - 2 potions of resistance {unknown}
 m - a potion of haste {unknown}
 n - a potion of brilliance {unknown}
 r - a potion of experience {unknown}
 t - a potion of mutation {unknown}


   Skills:
 + Level 5.5 Fighting
 - Level 6.6 Polearms
 + Level 0.3 Armour
 + Level 2.4 Dodging
 - Level 1.5 Stealth


You had 5 spell levels left.
You didn't know any spells.
Your spell library contained the following spells:

 Spells                   Type           Power      Damage    Failure   Level
 Shock                    Conj/Air       0%         1d3       77%         1
 Ozocubu's Armour         Ice            0%         N/A       98%         3
 Swiftness                Air            0%         N/A       98%         3
 Airstrike                Air            0%         2d(0-16)  100%        4
 Ozocubu's Refrigeration  Ice            0%         4d7       100%        7


Dungeon Overview and Level Annotations

Branches:
Dungeon (4/15) Zot: 20561
 Temple: D:4-7

Altars:
Nemelex Xobeh
Qazlal

Shops:
D:3 *


Message History

You barely miss the gnoll.
The gnoll shouts!
The gnoll hits you with a +0 flail! The gnoll hits you but does no damage.
You barely miss the gnoll. The gnoll misses you.
You closely miss the gnoll. The gnoll completely misses you.
The ball python barely misses you. The ball python closely misses you.
The gnoll hits you with a +0 flail.
The gnoll hits you from afar with a +0 spear.
The ball python attacks as you move away!
The ball python closely misses you. The ball python barely misses you.
The ball python bites you but does no damage.
The ball python grabs you. The ball python constricts you.
The gnoll hits you but does no damage.
The gnoll hits you from afar with a +0 spear.
You escape the ball python's grasp.
The gnoll attacks as you move away! The gnoll hits you with a +0 flail.
The ball python bites you but does no damage.
The ball python grabs you. The ball python constricts you.
You escape the ball python's grasp.
The gnoll attacks as you move away! The gnoll hits you but does no damage.
The gnoll barely misses you.
The gnoll hits you from afar with a +2 antimagic halberd!
You feel your power leaking away.
The gnoll hits you from afar with a +0 spear.
The gnoll attacks as you move away! The gnoll hits you but does no damage.
The ball python bites you but does no damage.
The ball python closely misses you. The gnoll attacks as you move away!
The gnoll hits you with a +0 flail.
* * * LOW HITPOINT WARNING * * *
The gnoll hits you with a +0 flail.
* * * LOW HITPOINT WARNING * * *
The gnoll barely misses you. The gnoll attacks as you move away!
The gnoll hits you with a +0 flail.
* * * LOW HITPOINT WARNING * * *
The ball python attacks as you move away!
The ball python barely misses you. The ball python bites you.
* * * LOW HITPOINT WARNING * * *
The ball python grabs you. The ball python constricts you.
You escape the ball python's grasp.
The gnoll attacks as you move away! The gnoll closely misses you.
The gnoll hits you with a +0 flail.
You die...

#.......# #.......#
#.......
####......##
...........#
#........>#
...#.......######
..................#
. .###.......g.g@<#
.# ###..?...gS..#
#.# #..........#
#.# #.>........#
#.# #..........#
##.# #..........#
##.# ############
##.## ....##


You could see 3 gnolls and a ball python.

Vanquished Creatures
  Grinder (D:4)
  An orc wizard (D:4)
  A gnoll (D:3)
  An adder (D:2)
  2 worms (D:2)
  5 dart slugs
  6 orcs
  10 bats
  4 endoplasms
  2 giant cockroaches
  8 goblins
  8 hobgoblins
  6 jackals
  3 kobolds
  3 quokkas (D:2)
  3 ball pythons (D:2)
  3 frilled lizards
  4 rats
71 creatures vanquished.

Notes
Turn   | Place    | Note
-------+----------+-------------------------------------------
     0 | D:1      | holysushi the Hill Orc Monk began the quest for the Orb.
     0 | D:1      | Reached XP level 1. HP: 19/19 MP: 1/1
   145 | D:1      | Reached XP level 2. HP: 26/26 MP: 2/2
   202 | D:1      | Reached skill level 4 in Polearms
   731 | D:2      | Reached XP level 3. HP: 28/33 MP: 3/3
  1352 | D:2      | Reached XP level 4. HP: 39/40 MP: 4/4
  1689 | D:2      | Reached skill level 5 in Polearms
  2290 | D:3      | Found a sparkling altar of Nemelex Xobeh.
  2697 | D:3      | Found Memaefri's Assorted Antiques.
  2699 | D:3      | Identified the +10 whip "Lumeozig" {antimagic, *Rage rElec
                  | Str+3}
  2706 | D:3      | Bought a scroll labelled SAPLEA QUISK for 30 gold pieces
  2706 | D:3      | Bought an emerald potion for 27 gold pieces
  2706 | D:3      | Bought a clear potion for 27 gold pieces
  2706 | D:3      | Bought a scroll labelled IXUMMU XUIBUKE for 30 gold pieces
  2835 | D:3      | Found a stormy altar of Qazlal.
  3039 | D:4      | Noticed Grinder
  3041 | D:4      | Reached XP level 5. HP: 47/47 MP: 1/5
  3054 | D:4      | Paralysed by Grinder for 5 turns
  3090 | D:4      | Killed Grinder
  3091 | D:4      | Reached skill level 5 in Fighting
  3091 | D:4      | Reached skill level 6 in Polearms
  3091 | D:4      | Reached XP level 6. HP: 56/56 MP: 2/6
  3432 | D:4      | Slain by a gnoll

Illustrated notes

Levels and vault maps discovered:
D:1:      minmay_arrival_stair_chambers, layout_loops_ring,
          minmay_misc_feat_room, chequers_serial_rivers_micro_e,
          chequers_serial_rivers_small_a
D:2:      kennysheep_six_static_rooms, layout_basic
D:3:      layout_basic, lemuel_tele_altar, nicolae_overflow_crystal_walls,
          serial_shops, nicolae_shop_advertising_works
          [nicolae_subvault_shop_adworks]
D:4:      minmay_wonky_spiral, layout_rooms, minmay_temple_entry_slanted,
          uniq_grinder

Skill      XL: |  1  2  3  4  5 |
---------------+----------------+-----
Polearms       | 4 5 6 |  6.6
Fighting       | 4 5 |  5.5
Armour         | |  0.3
Dodging        | |  2.4
Stealth        | |  1.5

Action                   |  1- 3 |  4- 6 || total
-------------------------+-------+-------++-------
Melee: Spear             |   196 |   133 ||   329
       Punch             |     2 |       ||     2
       Whip              |       |    34 ||    34
  Use: Scroll            |       |     7 ||     7
       Potion            |       |     1 ||     1
 Stab: Distracted        |     1 |       ||     1
       Sleeping          |       |     1 ||     1
Armor: Robe              |    24 |     5 ||    29
       Plate armour      |       |    29 ||    29
       Scale mail        |       |    23 ||    23
Dodge: Dodged            |    92 |    70 ||   162

Table legend: (Time is in decaauts)
 A = Elapsed time spent in this place.
 B = Non-inter-level travel time spent in this place.
 C = Inter-level travel time spent in this place.
 D = Time resting spent in this place.
 E = Time spent auto-exploring this place.
 F = Levels seen in this place.
 G = Mean time per level.
                   A        B        C        D        E       F      G
               +--------+--------+--------+--------+--------+-----+--------+
         Total |   3436 |   3206 |    230 |    468 |   1827 |   4 |  859.0 |
       Dungeon |   3436 |   3206 |    230 |    468 |   1827 |   4 |  859.0 |
               +--------+--------+--------+--------+--------+-----+--------+

Top non-repeatable levels by time:
     D:3: 1214 daAuts
     D:2: 1207 daAuts
     D:1: 675 daAuts
     D:4: 339 daAuts
